 Dungeon Sprint DCSS version 0.30-a0-49-g1cef19eb02 (webtiles) character file.

Game seed: 17473887751451278296

823 rocky1 the Fighter (level 7, -25/53 HPs)
             Began as a Gargoyle Fighter on Sept 3, 2022.
             Was a Follower of Okawaru.
             Killed from afar by a deep elf pyromancer (32 damage)
             ... with a bolt of fire
             ... in the Dungeon (Sprint III: "The Ten Rune Challenge").
             The game lasted 00:05:51 (1598 turns).

rocky1 the Fighter (Gargoyle Fighter)               Turns: 1598, Time: 00:05:52

Health: -25/53     AC: 11    Str: 22    XL:     7   Next: 96%
Magic:  10/10      EV:  9    Int:  8    God:    Okawaru [*.....]
Gold:   39         SH:  6    Dex:  9    Spells: 6/6 levels left

rFire   . . .      SeeInvis .    a - +0 flail
rCold   . . .      Faith    .    c - +0 buckler
rNeg    + . .      Spirit   .    b - +0 scale mail
rPois   ∞          Reflect  .    (no helmet)
rElec   +          Harm     .    (no cloak)
rCorr   .          Rampage  .    (no gloves)
Will    .....      NoTele   +    (no boots)
Stlth   ..........               (no amulet)
HPRegen 0.17/turn                (no ring)
MPRegen 0.12/turn                (no ring)

@: on fire, glowing
A: sickness immunity, AC +4, negative energy resistance 1, electricity
resistance, torment resistance 1, petrification resistance
a: Renounce Religion, Heroism


You were in the Dungeon.
You worshipped Okawaru.
Okawaru was aware of your devotion.
You visited 1 branch You collected 39 gold pieces.

Inventory:

Hand Weapons
 a - a +0 flail (weapon)
Armour
 b - a +0 scale mail (worn)
 c - a +0 buckler (worn)
Scrolls
 j - a scroll of blinking
 k - a scroll of immolation {unknown}
 l - 3 scrolls of identify
 n - a scroll of poison {unknown}
Potions
 e - a potion of curing
 f - 3 potions of mutation {unknown}
 g - a potion of haste
 h - 2 potions of magic
 m - 4 potions of flight
 o - 2 potions of resistance {unknown}
Miscellaneous
 d - a tin of tremorstones (2/2)


   Skills:
 + Level 10.9 Fighting
 + Level 9.7 Maces & Flails
 - Level 3.2 Armour
 + Level 10.9 Shields
 + Level 4.1 Invocations
 + Level 0.0 Evocations


You had 6 spell levels left.
You didn't know any spells.
Your spell library contained the following spells:

 Spells                   Type           Power      Damage    Failure   Level
 Sting                    Tmut/Pois      0%         1d3       80%         1
 Blink                    Tloc           0%         N/A       90%         2
 Poisonous Vapours        Pois/Air       0%         N/A       90%         2
 Lesser Beckoning         Tloc           0%         N/A       99%         3
 Olgreb's Toxic Radiance  Pois           0%         N/A       100%        4
 Manifold Assault         Tloc           0%         N/A       100%        5


Dungeon Overview and Level Annotations

Branches:
Dungeon (1/1)

Altars:
Cheibriados
Dithmenos
Elyvilon
Fedhas
Gozag
Hepliaklqana
Kikubaaqudgha
Makhleb
Nemelex Xobeh
Okawaru
Qazlal
Ru
Sif Muna
Trog
Uskayaw
Vehumet
Wu Jian
Xom
Yredelemnul
Zin
The Shining One
Jiyva
Lugonu


Innate Abilities, Weirdness & Mutations

You are immune to sickness and miasma.
Your stone body is resilient. (AC +4)
You are immune to poison.
You resist negative energy. (rN+)
You are resistant to electric shocks. (rElec)
You are resistant to unholy torment.
You are immune to petrification.


Message History

A deep elf pyromancer comes into view.
It is wielding a +0 long sword of holy wrath.
Found a potion of curing.
The deep elf pyromancer shouts!
The deep elf pyromancer casts a spell at you.
The bolt of fire hits you!
There is an open door here.
The deep elf pyromancer barely misses you.
You completely miss the deep elf pyromancer.
You block the deep elf pyromancer's attack.
You sock the deep elf pyromancer!
The deep elf pyromancer is moderately wounded.
The deep elf pyromancer hits you but does no damage.
You sock the deep elf pyromancer!
The deep elf pyromancer is severely wounded.
The deep elf pyromancer points at you and mumbles some strange words.
The bolt of fire hits you!!
You sock the deep elf pyromancer!
The deep elf pyromancer is almost dead.
The deep elf pyromancer hits you but does no damage.
You hit the deep elf pyromancer.
The deep elf pyromancer is almost dead.
The deep elf pyromancer hits you but does no damage.
You hit the deep elf pyromancer.
The deep elf pyromancer is almost dead.
The deep elf pyromancer gestures at you while chanting.
The bolt of fire misses you.
You barely miss the deep elf pyromancer.
The deep elf pyromancer is almost dead.
The deep elf pyromancer points at you and mumbles some strange words.
The sticky flame hits you!
You are covered in liquid flames!
* * * LOW HITPOINT WARNING * * *
You hit the deep elf pyromancer but do no damage.
The deep elf pyromancer is almost dead.
You are covered in liquid flames!
* * * LOW HITPOINT WARNING * * *
The deep elf pyromancer gestures at you while chanting.
The bolt of fire hits you!!
Ouch! That really hurt!
You die...

▓▓▓▓▓▓▓▓▓ ▓▓▓ ..'...♣.♣
♣.############ ..#.....♣♣
♣)#___#___#__# ###......♣
♣.#e@.#__.#._#
..#....~♣♣♣♣♣.###'#'###)##
..#...~~♣♣♣...#..........#
..#..~~~~♣....'.⌠........#
#÷#..~≈≈~~~...#...######'#
.)#.~~≈~~~....#.⌠.#__#...#
..#.~≈~~~.....#...#__#...#
..#.~~~.......#)###__#...#
###...........#)..#__#...+


You could see a deep elf pyromancer.

Vanquished Creatures
  A shadow (D)
  A spatial vortex (D)
  A water elemental (D)
  A necrophage (D)
  A jelly (D)
  Jessica (D)
  A wizard (D)
  A necromancer (D)
  3 humans (D)
  A kobold demonologist (D)
  A wolf (D)
  An endoplasm (D)
  2 rats (D)
16 creatures vanquished.

Notes
Turn   | Place    | Note
-------+----------+-------------------------------------------
     0 | D        | rocky1 the Gargoyle Fighter began the quest for the Orb.
     0 | D        | Reached XP level 1. HP: 14/14 MP: 1/1
    47 | D        | Noticed Jessica
    58 | D        | Killed Jessica
    59 | D        | Reached skill level 5 in Fighting
    59 | D        | Reached skill level 5 in Shields
    59 | D        | Reached XP level 2. HP: 5/21 MP: 2/2
    59 | D        | Reached XP level 3. HP: 6/26 MP: 3/3
   392 | D        | Reached XP level 4. HP: 20/32 MP: 4/4
   555 | D        | Noticed a water elemental
   562 | D        | Killed a water elemental
   563 | D        | Reached skill level 5 in Maces & Flails
   563 | D        | Reached XP level 5. HP: 16/37 MP: 5/5
   843 | D        | Found a hide-covered altar of Uskayaw.
   843 | D        | Found an iron altar of Okawaru.
   843 | D        | Found a bloodstained altar of Trog.
   843 | D        | Found an ornate altar of the Wu Jian Council.
   843 | D        | Noticed a human
   844 | D        | Noticed a human
   861 | D        | Killed a human
   862 | D        | Reached XP level 6. HP: 45/45 MP: 6/6
   868 | D        | Killed a human
   957 | D        | Became a worshipper of Warmaster Okawaru
   973 | D        | Found a radiant altar of Vehumet.
   973 | D        | Found a shimmering blue altar of Sif Muna.
   973 | D        | Found an ancient bone altar of Kikubaaqudgha.
   983 | D        | Reached skill level 1 in Invocations
   983 | D        | Reached XP level 7. HP: 46/52 MP: 7/7
  1030 | D        | Found a basalt altar of Yredelemnul.
  1030 | D        | Found a shadowy altar of Dithmenos.
  1030 | D        | Found a sacrificial altar of Ru.
  1041 | D        | Reached skill level 10 in Fighting
  1041 | D        | Reached skill level 10 in Shields
  1050 | D        | Noticed a shadow
  1062 | D        | Killed a shadow
  1062 | D        | Reached * piety under Okawaru
  1295 | D        | Found a blossoming altar of Fedhas.
  1295 | D        | Found a stormy altar of Qazlal.
  1295 | D        | Found a snail-covered altar of Cheibriados.
  1295 | D        | Found a burning altar of Makhleb.
  1295 | D        | Found a shimmering altar of Xom.
  1295 | D        | Noticed a spatial vortex
  1296 | D        | Found a hazy altar of Hepliaklqana.
  1296 | D        | Found an opulent altar of Gozag.
  1296 | D        | Found a sparkling altar of Nemelex Xobeh.
  1296 | D        | Found a corrupted altar of Lugonu.
  1296 | D        | Found a viscous altar of Jiyva.
  1563 | D        | Killed a spatial vortex
  1588 | D        | Found a glowing silver altar of Zin.
  1588 | D        | Found a glowing golden altar of the Shining One.
  1588 | D        | Found a white marble altar of Elyvilon.
  1589 | D        | Noticed a deep elf pyromancer
  1598 | D        | Killed from afar by a deep elf pyromancer

Illustrated notes

Levels and vault maps discovered:
D:        dungeon_sprint_mu [sprint_mu_entry_forest, sprint_mu_temple_rooms,
          sprint_mu_d1_horrors, sprint_mu_d2_genie, sprint_mu_d3_branching,
          sprint_mu_orc_legion, sprint_mu_elf_gauntlet, sprint_mu_hive_nellie,
          sprint_mu_lair_fedhas, sprint_mu_vaults_butterflies,
          sprint_mu_slime_circle, sprint_mu_shoals_archi,
          sprint_mu_snake_twists, sprint_mu_blade_basic,
          sprint_mu_crypt_chambers, sprint_mu_tomb_spiral,
          sprint_mu_vestibule_basic, sprint_mu_gehenna_hellfire,
          sprint_mu_dis_giant, sprint_mu_tartarus_statrot,
          sprint_mu_cocytus_islands, sprint_mu_zot1]

Skill      XL: |  1  2  3  4  5  6  7 |
---------------+----------------------+-----
Fighting       | 5 6 8 9 10 | 10.9
Maces & Flails | 3 4 5 7 8 9 |  9.7
Shields        | 5 6 8 9 10 | 10.9
Invocations    | 1 4 |  4.1
Armour         | |  3.2

Action                   |  1- 3 |  4- 6 |  7- 9 || total
-------------------------+-------+-------+-------++-------
Melee: Flail             |    34 |    24 |    43 ||   101
  Use: Potion            |     1 |     2 |       ||     3
Armor: Scale mail        |    15 |     4 |     5 ||    24
Dodge: Dodged            |    15 |     3 |     7 ||    25
Block: Buckler           |     5 |     4 |     9 ||    18

Table legend: (Time is in decaauts)
 A = Elapsed time spent in this place.
 B = Non-inter-level travel time spent in this place.
 C = Inter-level travel time spent in this place.
 D = Time resting spent in this place.
 E = Time spent auto-exploring this place.
 F = Levels seen in this place.
 G = Mean time per level.
                   A        B        C        D        E       F      G
               +--------+--------+--------+--------+--------+-----+--------+
         Total |   1621 |   1621 |      0 |   1247 |      0 |   1 | 1621.0 |
       Dungeon |   1621 |   1621 |      0 |   1247 |      0 |   1 | 1621.0 |
               +--------+--------+--------+--------+--------+-----+--------+

Top non-repeatable levels by time:
       D: 1621 daAuts
